 Dungeon Crawl Stone Soup version 0.17-a0-1403-g9df874c (webtiles) character file.

160 nuthulu the Skirmisher (level 5, -6/35 HPs)
             Began as a Gargoyle Fighter on June 20, 2015.
             Killed by Freeze
             ... invoked by Terandir's ghost
              (14 damage)
             ... on level 3 of the Dungeon.
             The game lasted 00:05:50 (2056 turns).

nuthulu the Skirmisher (Gargoyle Fighter)           Turns: 2056, Time: 00:05:50

Health: -6/35      AC: 14    Str: 20    XL:     5   Next: 41%
Magic:  5/5        EV:  7    Int:  9    God:
Gold:   104        SH: 10    Dex:  9    Spells: 0 memorised, 4 levels left

rFire  . . .     SeeInvis .     a - +0 flail
rCold  . . .     Clarity  .     b - +0 scale mail
rNeg   + . .     SustAt   .     c - +1 shield
rPois  ∞         Gourm    .     j - +1 helmet
rElec  +         Spirit   .     k - +0 cloak
rCorr  .         Warding  .     (no gloves)
rMut   .         Stasis   .     (no boots)
MR     .....                    (no amulet)
Stlth  ..........               (no ring)
                                (no ring)

@: not resistant to hostile enchantments, extremely unstealthy
A: negative energy resistance 1, electricity resistance, unbreathing,
petrification resistance, rot immunity, AC +4
a: no special abilities


You were on level 3 of the Dungeon.
You were not hungry.

You visited 1 branch of the dungeon, and saw 3 of its levels.

You collected 104 gold pieces.

Inventory:

Hand weapons
 a - a +0 flail (weapon)
Armour
 b - a +0 scale mail (worn)
 c - a +1 shield (worn)
 j - a +1 helmet (worn)
 k - a +0 cloak (worn)
Scrolls
 f - a scroll of magic mapping
 i - a scroll of recharging
Potions
 d - 3 potions of flight {unknown}
 m - 2 potions of curing
 q - a potion of cancellation
Comestibles
 e - a bread ration
 g - 3 fruits
 h - a beef jerky
 p - a meat ration


   Skills:
 + Level 5.0 Fighting
 + Level 4.1 Maces & Flails
 - Level 3.2 Armour
 - Level 3.2 Shields


You had 4 spell levels left.
You didn't know any spells.

Dungeon Overview and Level Annotations

Branches:
Dungeon (3/15)

Altars:

Annotations:
D:3 Terandir's ghost, average DEIE


Innate Abilities, Weirdness & Mutations

You are resistant to torment.
Your stone body is resilient (AC +4).
You are immune to poison.
You resist negative energy.
You are resistant to electric shocks.
You can survive without breathing.
You are immune to petrification.
You are immune to rotting.


Message History

You block the bat's attack. You block the rat's attack.
Terandir's ghost gestures at you while chanting.
You are frozen.
The rat bites you. Terandir's ghost casts a spell at you.
You are frozen.
You hit Terandir's ghost.
Terandir's ghost is severely damaged.
The bat hits you but does no damage. The rat closely misses you.
Terandir's ghost whispers, "Trust me.
Just give in."
Terandir's ghost points at you and mumbles some strange words.
The puff of frost hits you!
* * * LOW HITPOINT WARNING * * *
You hit Terandir's ghost but do no damage.
Terandir's ghost is severely damaged.
The bat hits you but does no damage. You block the bat's attack.
The rat bites you but does no damage.
Terandir's ghost shrieks, "You will never get the ORB!"
Terandir's ghost points at you and mumbles some strange words.
You are frozen.
You die...

#.) . #.# .#
... .. . #.##.
.. ###.#.
...##....
#......# .
#....br###...#
#.##..@.(.....
#...W.......
#.#.........
#.#.####.... #
#. .... .. ##.
.. .##


You could see Terandir's ghost, a bat and a rat.

Vanquished Creatures
  Crazy Yiuf (D:2)
  Ijyb (D:2)
  Natasha (twice) (D:2)
  2 adders (D:2)
  A worm (D:2)
  A giant gecko (D:1)
  2 ball pythons (D:2)
  6 goblins
  5 hobgoblins
  6 jackals
  7 kobolds
  5 bats
  4 giant newts
  9 rats
52 creatures vanquished.

Notes
Turn   | Place    | Note
--------------------------------------------------------------
     0 | D:1      | nuthulu the Gargoyle Fighter began the quest for the Orb.
     0 | D:1      | Reached XP level 1. HP: 14/14 MP: 1/1
   186 | D:1      | Reached XP level 2. HP: 19/19 MP: 2/2
   611 | D:1      | Reached XP level 3. HP: 24/24 MP: 3/3
   870 | D:2      | Reached skill level 4 in Fighting
  1138 | D:2      | Noticed Natasha
  1143 | D:2      | Killed Natasha
  1143 | D:2      | Reached XP level 4. HP: 30/30 MP: 4/4
  1217 | D:2      | Noticed Natasha
  1231 | D:2      | Killed Natasha
  1554 | D:2      | Noticed Crazy Yiuf
  1566 | D:2      | Killed Crazy Yiuf
  1566 | D:2      | Reached XP level 5. HP: 34/34 MP: 5/5
  1866 | D:2      | Noticed Ijyb
  1890 | D:2      | Killed Ijyb
  1890 | D:2      | Reached skill level 5 in Fighting
  2048 | D:3      | Noticed Terandir's ghost (average DEIE)
  2056 | D:3      | Killed from afar by Terandir's ghost

Vault maps used:
D:1:      co_arrival_square_in_a_square_in_a_square, st_stairs_4,
          serial_bayou_pond_e
D:2:      uniq_natasha, uniq_iyjb, uniq_crazy_yiuf_cottage
D:3:      gup_sewer_entry_bowl

Action                   |  1- 3 |  4- 6 || total
-------------------------+-------+-------++-------
Melee: Flail             |   105 |    77 ||   182
  Use: Scroll            |     8 |     4 ||    12
       Potion            |       |     2 ||     2
  Eat: Chunk             |     1 |     3 ||     4
